 Dungeon Crawl Stone Soup version 0.32-a0-931-g5a2cda0 (webtiles) character file.

Game seed: 8701483264047109621

9406 spidder the Mimic (level 11, -6/120 HPs)
             Began as a Merfolk Shapeshifter on Apr 12, 2024.
             Was a High Priest of Hepliaklqana.
             Shot with an arrow by an orc warrior (12 damage)
             ... on level 10 of the Dungeon.
             The game lasted 00:32:38 (11186 turns).

spidder the Mimic (Merfolk Shapeshifter)           Turns: 11186, Time: 00:32:39

Health: -6/120     AC: 25    Str: 18 (21) XL:     11   Next: 46%
Magic:  0/25       EV:  2    Int:  8 (9)  God:    Hepliaklqana [*****.]
Gold:   750        SH:  0    Dex: 11 (14) Spells: 10/10 levels left

rFire   + .          .
                       - Unarmed
rCold   + . .        (no shield)
rNeg    . . .        a - melded +0 animal skin
rPois   +            (helmet currently unavailable)
rElec   +            (cloak currently unavailable)
rCorr   +            (gloves currently unavailable)
SInv    .            (boots currently unavailable)
Will    .....        p - amulet of guardian spirit
Stlth   +            u - ring of magical power
HPRegen 0.40/turn    r - +5 ring of evasion
MPRegen 0.19/turn

%: guardian spirit
@: tree-form, resistant, studying Fighting
A: stationary, stasis, torment immunity, boosted hp, reduced essence, (nimble
swimmer 2), (mertail), (cold resistance 1), strong 1
a: Renounce Religion, Recall Ancestor, Ancestor Identity, Transference, Idealise


You were on level 10 of the Dungeon.
You worshipped Hepliaklqana.
Hepliaklqana was extremely pleased with you.
You were a tree.
You visited 2 branches of the dungeon, and saw 11 of its levels.

You collected 750 gold pieces.

Inventory:

Hand Weapons
 k - the +4 sling of Esity {drain, +Blink Fly Int+3}
   (You found it on level 2 of the Dungeon)

   Int+3:     It affects your intelligence (+3).
   Fly:       It grants you flight.
   +Blink:    It lets you blink.
 B - the +8 quick blade of Nightmares {drain, ^Drain rPois Int+5}
   (You found it on level 8 of the Dungeon)

   Int+5:     It affects your intelligence (+5).
   rPois:     It protects you from poison.
   ^Drain:    It drains your maximum health when unequipped.
Armour
 a - a +0 animal skin (melded)
Jewellery
 p - an amulet of guardian spirit (around neck)
 r - a +5 ring of evasion (right branch)
 s - a ring of magical power
 u - a ring of magical power (left branch)
Talismans
 c - a beast talisman
 d - a flux talisman (active)
Wands
 l - a wand of digging (6)
 m - a wand of mindburst (25)
 y - a wand of iceblast (9)
Scrolls
 i - 3 scrolls of enchant weapon
 t - a scroll of summoning
 v - a scroll of silence
Potions
 b - a potion of brilliance {unknown}
 f - 2 potions of magic
 g - a potion of ambrosia {unknown}
 h - 4 potions of might
 n - 3 potions of haste
 o - 2 potions of enlightenment
 x - a potion of lignification
 z - a potion of resistance


   Skills:
 + Level 9.1 Fighting
 + Level 10.0 Dodging
 + Level 8.5 Unarmed Combat
 + Level 7.2 Invocations
 * Level 12.9 Shapeshifting


You had 10 spell levels left.
You didn't know any spells.
Your spell library contained the following spells:

 Spells                   Type           Power      Damage    Failure   Level
 Magic Dart               Conj           0%         1d3       41%         1
 Blink                    Tloc           0%         N/A       54%         2
 Call Imp                 Summ           0%         N/A       54%         2
 Teleport Other           Tloc           0%         N/A       78%         3
 Tukima's Dance           Hex            0%         N/A       78%         3
 Passage of Golubria      Tloc           0%         N/A       99%         4
 Yara's Violent Unravell  Hex/Alch       0%         3d3       100%        5
 Dispersal                Tloc           0%         N/A       100%        6
 Gell's Gavotte           Tloc           0%         2d(11-16) 100%        6


Dungeon Overview and Level Annotations

Branches:
Dungeon (10/15)            Temple (1/1) D:6            Lair (0/5) D:9
    Orc (0/2) D:10

Altars:
Ashenzari
Cheibriados
Dithmenos
Elyvilon
Fedhas
Gozag
Hepliaklqana
Kikubaaqudgha
Makhleb
Nemelex Xobeh
Okawaru
Qazlal
Ru
Sif Muna
Trog
Uskayaw
Vehumet
Wu Jian
Xom
Yredelemnul
Zin
The Shining One

Shops:
D:4 :*   D:8 :


Innate Abilities, Weirdness & Mutations

You are a tree.
Your roots penetrate the ground, keeping you stationary.
You cannot be teleported.
You are immune to unholy pain and torment.
Your maximum health is greatly increased.
Your equipment is partially melded.
Your life essence is reduced to manifest your ancestor. (-10% HP)
((You are very nimble when in or above water. (Stealth+, EV+, Speed+++)))
((Your lower body shifts to a powerful aquatic tail in water.))
((Your flesh is cold resistant. (rC+)))
Your muscles are strong. (Str +4, Int/Dex -1)


Message History

Posiden blocks the hornet's attack.
Your transformation has ended.
Your +0 animal skin unmelds from your body.
You turn into a tree.
Your +0 animal skin melds into your body.
Your roots penetrate the ground.
You feel strangely stable.
The hornet stings posiden.
The orc hits posiden but does no damage.
Something closely misses posiden.
Posiden misses the orc.
The orc warrior shoots an arrow.
The arrow barely misses posiden.
The arrow hits you.
* * * LOW HITPOINT WARNING * * *
Something hits you but does no damage.
It was a potion of degeneration.
There was something very wrong with that liquid.
You feel weakened.
You feel dopey.
You feel clumsy.
The hornet stings posiden.
The orc barely misses posiden.
Something hits posiden but does no damage.
The orc warrior shoots an arrow.
The arrow hits posiden but does no damage.
Something hits you but does no damage.
The hornet barely misses posiden.
Posiden hits something with a +0 flail!
It was a potion of resistance.
You feel protected.
Posiden blocks the hornet's attack.
Posiden blocks something's attack.
The orc hits posiden but does no damage.
The orc warrior shoots an arrow.
The arrow hits posiden but does no damage.
Something hits you but does no damage.
It was a potion of mutation.
You feel extremely strange.
You feel stronger.
You feel resistant to cold.
Posiden blocks the hornet's attack.
The orc hits posiden but does no damage.
Something hits posiden but does no damage.
Posiden hits the orc with a +0 flail.
The orc dies!
The orc warrior shoots an arrow.
The arrow closely misses posiden.
The arrow hits you!
You die...
Hepliaklqana delivers you to your ancestors.

....#...#.......#.......#
....#...#.......#.......+
.h..#...#.......#.......#
....#####.......#.<##..##
.>.R#..)##.....##..#..'##
.......).(...............
....o.{).......y{o.......
.....##o.......)R##......
.....# .).......♣##......
...... ..........{.......
.##... .....)............
. #........###...........
.....o.................
... .................#
...>...........#
................
.....o..............


You could see the friendly posiden the knight, a hornet and an orc warrior.

Vanquished Creatures
  A two-headed ogre (D:9)
  Pikel (D:6)
  A komodo dragon (D:9)
  A blink frog (D:9)
  A wyvern (D:9)
  2 yaks
  A basilisk (D:9)
  A warg (D:10)
  A steam dragon (D:7)
  Menkaure (D:6)
  3 water moccasins (D:8)
  2 ice beasts
  3 black bears
  3 ogres
  6 phantoms
  2 centaurs
  5 kobold brigands
  A weeping skull (D:6)
  5 bullfrogs
  9 scorpions
  9 wights
  6 killer bees
  6 howler monkeys
  A bombardier beetle (D:6)
  A crimson imp (D:3)
  2 centaur zombies (D:8)
  A jelly (D:6)
  4 orc priests
  4 hounds
  3 scorpion zombies (D:8)
  5 sleepcaps
  11 orc wizards
  3 killer bee zombies (D:8)
  4 gnolls (D:3)
  2 adders (D:4)
  3 shadow imps (D:8)
  A white imp (D:7)
  2 dart slugs
  5 ribbon worms
  24 orcs
  9 endoplasms
  3 giant cockroaches
  5 goblins
  8 hobgoblins
  10 jackals
  5 quokkas
  8 ball pythons
  10 bats
  4 frilled lizards
  A goblin skeleton (D:3)
  3 hobgoblin zombies (D:3)
  27 kobolds
  2 kobold skeletons (D:3)
  A kobold zombie (D:3)
  3 rats
246 creatures vanquished.

Vanquished Creatures (collateral kills)
  A blink frog (D:9)
  A wraith (D:8)
  A wyvern (D:9)
  A water moccasin (D:6)
  2 orc warriors
  A sky beast (D:7)
  A black bear (D:7)
  A centaur (D:6)
  A phantom (D:7)
  A kobold brigand (D:7)
  2 wights (D:8)
  A killer bee (D:8)
  2 bombardier beetles
  A howler monkey (D:4)
  2 centaur zombies (D:8)
  A jelly (D:6)
  3 orc priests
  A gnoll bouda (D:6)
  A scorpion zombie (D:8)
  3 iguanas (D:9)
  2 orc wizards
  A killer bee zombie (D:8)
  5 gnolls
  2 adders
  4 shadow imps (D:8)
  A white imp (D:5)
  8 orcs
  2 bats (D:9)
  11 kobolds
  A spectral orc (D:6)
65 creatures vanquished.

Vanquished Creatures (others)
  A knight (D:10)
  2 orc wizards (D:3)
  An ancestor (D:5)
  A jackal (D:5)
5 creatures vanquished.

Grand Total: 316 creatures vanquished

Notes
Turn   | Place    | Note
-------+----------+-------------------------------------------
     0 | D:1      | spidder the Merfolk Shapeshifter began the quest for the
                  | Orb.
     0 | D:1      | Reached XP level 1. HP: 15/15 MP: 1/1
   175 | D:1      | Reached XP level 2. HP: 14/21 MP: 2/2
   449 | D:1      | Reached XP level 3. HP: 8/27 MP: 3/3
  1120 | D:2      | Identified the +4 sling of Esity {drain, +Blink Fly Int+3}
  1644 | D:2      | Reached XP level 4. HP: 30/33 MP: 4/4
  1695 | D:2      | Found a hazy altar of Hepliaklqana.
  1719 | D:2      | Became a worshipper of Hepliaklqana the Forgotten
  2141 | D:3      | Reached skill level 5 in Shapeshifting
  2154 | D:3      | Reached XP level 5. HP: 28/39 MP: 5/5
  2320 | D:3      | Found an ornate altar of the Wu Jian Council.
  2622 | D:3      | Reached XP level 6. HP: 13/46 MP: 6/6
  2865 | D:3      | Found a glowing golden altar of the Shining One.
  2881 | D:3      | Reached skill level 6 in Shapeshifting
  2930 | D:3      | Reached skill level 1 in Invocations
  3530 | D:4      | Found a sacrificial altar of Ru.
  3562 | D:4      | Found Ririmiry's Book Emporium.
  3583 | D:4      | Reached XP level 7. HP: 23/52 MP: 8/8
  3743 | D:4      | Reached * piety under Hepliaklqana
  3800 | D:4      | Found Lecsal's Neck Hole.
  4152 | D:5      | Entered Level 5 of the Dungeon
  4169 | D:4      | Reached skill level 5 in Dodging
  4395 | D:5      | Reached skill level 7 in Shapeshifting
  4469 | D:5      | Reached skill level 5 in Unarmed Combat
  4791 | D:5      | Found a blossoming altar of Fedhas.
  4856 | D:5      | Reached XP level 8. HP: 54/54 MP: 10/10
  5433 | D:6      | Reached ** piety under Hepliaklqana
  5434 | D:6      | Remembered your ancestor posiden as a knight
  5440 | D:6      | Reached skill level 8 in Shapeshifting
  5691 | D:6      | Reached skill level 5 in Fighting
  5756 | D:6      | Noticed Menkaure
  5763 | D:6      | Killed Menkaure
  5764 | D:6      | Reached XP level 9. HP: 61/61 MP: 11/11
  5856 | D:6      | Reached skill level 9 in Shapeshifting
  5875 | D:6      | Found a basalt altar of Yredelemnul.
  5943 | D:6      | Noticed Pikel
  5956 | D:6      | Killed Pikel
  5997 | D:6      | Found a radiant altar of Vehumet.
  6285 | D:6      | Found a staircase to the Ecumenical Temple.
  6421 | Temple   | Entered the Ecumenical Temple
  6497 | D:7      | Found an opulent altar of Gozag.
  6543 | D:7      | Reached skill level 10 in Shapeshifting
  6559 | D:7      | Reached skill level 5 in Invocations
  6846 | D:7      | Reached *** piety under Hepliaklqana
  7000 | D:7      | Reached XP level 10. HP: 51/68 MP: 13/13
  7562 | D:8      | Found Wint's Self-Published Books.
  7600 | D:8      | Reached skill level 11 in Shapeshifting
  8462 | D:8      | Identified the +8 quick blade of Nightmares {drain, ^Drain
                  | rPois Int+5}
  8755 | D:8      | Found a shadowy altar of Dithmenos.
  9020 | D:8      | Found a snail-covered altar of Cheibriados.
  9057 | D:8      | Found a shimmering blue altar of Sif Muna.
  9381 | D:8      | Reached **** piety under Hepliaklqana
  9388 | D:8      | Found a bloodstained altar of Trog.
  9409 | D:8      | Reached skill level 12 in Shapeshifting
  9848 | D:9      | Found a staircase to the Lair.
  9864 | D:9      | Reached XP level 11. HP: 47/77 MP: 13/15
  9883 | D:9      | HP: 2/77 [blink frog (9)]
 10145 | D:9      | Noticed a two-headed ogre
 10156 | D:9      | Killed a two-headed ogre
 10439 | D:9      | Found a broken altar of Ashenzari.
 11003 | D:10     | Entered Level 10 of the Dungeon
 11068 | D:10     | Reached ***** piety under Hepliaklqana
 11093 | D:10     | HP: 3/78 [hornet (10)]
 11154 | D:10     | Reached skill level 10 in Dodging
 11155 | D:10     | Found a staircase to the Orcish Mines.
 11179 | D:10     | HP: 3/80 [orc warrior/arrow (16)]
 11186 | D:10     | Gained mutation: Your muscles are strong. (Str +4, Int/Dex
                  | -1) [potion of mutation]
 11186 | D:10     | Gained mutation: Your flesh is cold resistant. (rC+)
                  | [potion of mutation]
 11186 | D:10     | Shot with an arrow by an orc warrior

Illustrated notes

Levels and vault maps discovered:
D:1:      co_arrival_square_in_a_square_in_a_square, layout_basic
D:2:      mumra_celtic_spiral_tile, layout_basic, basic_altar
D:3:      layout_loops_ring, nicolae_wu_jian_glorious_leap,
          nicolae_tso_besieged_by_evil, kennysheep_donut
D:4:      layout_basic, mainiacjoe_overflow_concentric_impassable, serial_shops,
          shop, grunt_ministairs_15, nicolae_shop_sticking_my_neck_out
D:5:      layout_basic, fedhas_altar_3, serial_bayou_pond_c
D:6:      layout_cave_pools, yredelemnul_forgotten_temple_becter,
          nicolae_vehumet_altar_sigil, lemuel_temple_firewalk_b,
          serial_column_ruins, column_ruins_hut_ruined, column_ruins_hut,
          column_ruins_grid_1, column_ruins_grid_2, column_ruins_grid_1,
          column_ruins_columns_straight, column_ruins_open_tiny, uniq_menkaure,
          uniq_pikel
D:7:      layout_basic, amcnicky_altar_gilded
D:8:      bobbens_index_wilting_gardens, layout_loops_ring, slow_altar_1,
          lightli_temple_of_fire, lemuel_round_altar,
          nicolae_dithmenos_the_darkroom, nicolae_custom_books
D:9:      old_forge, layout_irregular_city, ashenzari_conservatory_becter,
          dpeg_lair_monsters, minmay_circle_x
D:10:     layout_gridville, erik_orc_4, serial_glass, glass_columns_a,
          glass_columns_a
Temple:   eino_wide_crystal_templ

Skill      XL: |  1  2  3  4  5  6  7  8  9 10 11 |
---------------+----------------------------------+-----
Dodging        | 3 4 5 6 7 9 10 | 10.0
Fighting       | 2 3 4 5 6 8 9 |  9.1
Shapeshifting  | 5 6 7 8 10 12 | 12.9
Unarmed Combat | 4 5 6 7 8 |  8.5
Invocations    | 1 2 3 5 6 7 |  7.2

Action                     |  1- 3 |  4- 6 |  7- 9 | 10-12 || total
---------------------------+-------+-------+-------+-------++-------
  Melee: Unarmed           |   116 |   204 |   228 |   444 ||   992
         Punch             |     2 |     4 |     1 |       ||     7
 Invoke: Ancestor Identity |       |       |     3 |     1 ||     4
         Recall Ancestor   |       |       |     2 |     1 ||     3
         Ancestor Life: Kn |       |       |     1 |       ||     1
         Idealise          |       |       |       |     1 ||     1
  Evoke: Wand              |       |       |       |     1 ||     1
    Use: Scroll            |     5 |     2 |    13 |     8 ||    28
         Potion            |     1 |     3 |     1 |     9 ||    14
   Stab: Sleeping          |       |     2 |       |       ||     2
         Invisible         |       |     1 |       |       ||     1
         Distracted        |       |       |       |     3 ||     3
 Armour: Animal skin       |    64 |    97 |    60 |       ||   221
         Skin              |     3 |       |    41 |   172 ||   216
  Dodge: Dodged            |    68 |    96 |   200 |   527 ||   891
   Form: Flux              |       |       |     1 |       ||     1

Table legend: (Time is in decaauts)
 A = Elapsed time spent in this place.
 B = Non-inter-level travel time spent in this place.
 C = Inter-level travel time spent in this place.
 D = Time resting spent in this place.
 E = Time spent auto-exploring this place.
 F = Levels seen in this place.
 G = Mean time per level.
                   A        B        C        D        E       F      G
               +--------+--------+--------+--------+--------+-----+--------+
         Total |  11066 |  10751 |    315 |      0 |   8898 |  11 | 1006.0 |
       Dungeon |  11065 |  10752 |    313 |      0 |   8898 |  10 | 1106.5 |
        Temple |      1 |      0 |      1 |      0 |      0 |   1 |    1.0 |
               +--------+--------+--------+--------+--------+-----+--------+

Top non-repeatable levels by time:
     D:8: 2401 daAuts
     D:3: 1401 daAuts
     D:5: 1216 daAuts
     D:9: 1139 daAuts
     D:2: 1059 daAuts
     D:7: 943 daAuts
     D:6: 917 daAuts
     D:4: 914 daAuts
     D:1: 894 daAuts
    D:10: 177 daAuts
  Temple: 1 daAuts
